 Dungeon Crawl Stone Soup version 0.31-a0-853-gc9b61b78f7 (webtiles) character file.

Game seed: 6450848983073934030

393 CrazyBamboolord the Gusty (level 6, -1/35 HPs)
             Began as a Tengu Air Elementalist on Oct 8, 2023.
             Slain by a phantom (3 damage)
             ... on level 4 of the Dungeon.
             The game lasted 00:07:56 (3668 turns).

CrazyBamboolord the Gusty (Tengu Air Elementalist)  Turns: 3668, Time: 00:07:57

Health: -1/35      AC:  5    Str:  9    XL:     6   Next: 81%
Magic:  10/12      EV: 13    Int: 17    God:
Gold:   176        SH:  0    Dex: 14    Spells: 1/11 levels left

rFire   . . .        e - +3 dagger
rCold   . . .        (no shield)
rNeg    . . .        a - +0 robe
rPois   .            (helmet restricted)
rElec   .            (no cloak)
rCorr   .            m - +2 pair of gloves
SInv    .            (boots unavailable)
Will    .....        (no amulet)
Stlth   ++           (no ring)
HPRegen 0.25/turn    (no ring)
MPRegen 0.13/turn

%: acrobat
@: brilliant
A: beak, talons 3, acrobatic
a: no special abilities


You were on level 4 of the Dungeon.
You visited 1 branch of the dungeon, and saw 4 of its levels.

You collected 239 gold pieces.
You spent 63 gold pieces at shops.

Inventory:

Hand Weapons
 e - a +3 dagger (weapon)
Armour
 a - a +0 robe (worn)
 m - a +2 pair of gloves (worn)
Scrolls
 c - 3 scrolls of teleportation
 i - a scroll of revelation
 j - a scroll of vulnerability {unknown}
 k - a scroll of amnesia {unknown}
 n - a scroll of noise {unknown}
 p - a scroll of fear {unknown}
 r - a scroll of butterflies {unknown}
Potions
 d - a potion of brilliance
 f - 2 potions of might
 g - a potion of invisibility {unknown}
 h - a potion of lignification {unknown}
 l - a potion of degeneration {unknown}
 o - a potion of attraction {unknown}


   Skills:
 + Level 2.0 Fighting
 + Level 3.1 Dodging
 + Level 3.0 Stealth
 * Level 3.4 Spellcasting
 * Level 4.2 Conjurations
 * Level 5.8 Air Magic


You had one spell level left.
You knew the following spells:

 Your Spells              Type           Power      Damage    Failure   Level
a - Shock                 Conj/Air       100%       1d9       2%          1
b - Static Discharge      Conj/Air       60%        2-5/arc   3%          2
c - Swiftness             Air            34%        N/A       4%          3
d - Airstrike             Air            17%        2d(3-19)  16%         4

Your spell library contained the following spells:

 Spells                   Type           Power      Damage    Failure   Level


Dungeon Overview and Level Annotations

Branches:
Dungeon (4/15)
 Temple: D:4-7

Altars:
Fedhas

Shops:
D:1 =   D:2 :(*


Innate Abilities, Weirdness & Mutations

You have a beak for a mouth.
You have claws for feet.
You can magically evade attacks while moving or waiting.


Message History

The phantom completely misses you.
You hit the phantom.
The phantom is heavily damaged.
The phantom hits you but does no damage.
You hit the phantom but do no damage. You claw the phantom.
The phantom is heavily damaged.
The phantom hits you.
* * * LOW HITPOINT WARNING * * *
The phantom blinks!
You blink.
Casting: Static Discharge (safe; 3% risk of failure)
Confirm with . or Enter, or press ? or * to list all spells.
The phantom is struck by an arc of lightning.
The phantom is severely damaged.
You are struck by an arc of lightning.
* * * LOW HITPOINT WARNING * * *
The phantom is struck by an arc of lightning.
The phantom is severely damaged.
The lightning grounds out.
The phantom closely misses you.
You closely miss the phantom. You peck the phantom, but do no damage.
The phantom is severely damaged.
The phantom hits you.
* * * LOW HITPOINT WARNING * * *
It was a potion of brilliance.
You feel clever all of a sudden. The phantom misses you.
Magic courses through your body.
The phantom hits you but does no damage.
Aiming: Shock (safe; 2% risk of failure)
Press: ? - help, Q - select action, (/) - cycle Shift-Dir - straight line, f/p - phantom
Aim: a phantom (severely damaged, 64% to hit)
You feel a surge of power!
The zap hits the phantom.
The phantom is almost destroyed.
The phantom barely misses you.
Aiming: Shock (safe; 2% risk of failure)
Press: ? - help, Q - select action, (/) - cycle Shift-Dir - straight line, f/p - phantom
Aim: a phantom (almost destroyed, 64% to hit)
You feel a surge of power!
The zap hits the phantom.
The phantom is almost destroyed.
The phantom hits you.
You die...

####.##.# #....>..####
#.# ...........####.###
#.##....<.....#.#..
..##..#.##(##.#.#.#
####..#.##.##.#.#.#
####..#.##.##.#.#.#
......#.##.##.#.#.#######
####.##.##......@........
................#W######
#######.#####.###.# ##.##
#.# #.# ##...# #.# #.#
#....# #.###)###### #
#†...# #..........# ###
#.#### #.###.####.#
#.###.# #......#


You could see a phantom.

Vanquished Creatures
  Sigmund (D:2)
  A hound (D:4)
  A jelly (D:4)
  Natasha (thrice) (D:2)
  4 adders
  A worm (D:3)
  A dart slug (D:1)
  11 ball pythons
  6 endoplasms
  4 giant cockroaches
  2 goblins
  4 hobgoblins
  4 jackals (D:1)
  3 kobolds
  3 quokkas
  5 bats
  4 rats
  A spectral goblin (D:1)
59 creatures vanquished.

Notes
Turn   | Place    | Note
-------+----------+-------------------------------------------
     0 | D:1      | CrazyBamboolord the Tengu Air Elementalist began the quest
                  | for the Orb.
     0 | D:1      | Reached XP level 1. HP: 10/10 MP: 4/4
   125 | D:1      | Reached XP level 2. HP: 15/15 MP: 1/6
   378 | D:1      | Found Veleg's Jewellery Shop.
   509 | D:1      | Reached XP level 3. HP: 20/20 MP: 2/7
   514 | D:1      | Learned a level 2 spell: Static Discharge
   518 | D:1      | Learned a level 3 spell: Swiftness
   643 | D:1      | Found a faded altar of an unknown god.
  1319 | D:2      | Found Ifuiseimae's Book Boutique.
  1387 | D:2      | Found Xasuudd's Assorted Antiques.
  1394 | D:2      | Bought a red potion for 19 gold pieces
  1394 | D:2      | Bought a scroll labelled POCYGO ROISU for 22 gold pieces
  1394 | D:2      | Bought a scroll labelled BESTEJ GOCK for 22 gold pieces
  1442 | D:2      | Found Idecw's Antique Weapon Shop.
  1772 | D:2      | Noticed Natasha
  1777 | D:2      | Killed Natasha
  1778 | D:2      | Reached skill level 1 in Fighting
  1778 | D:2      | Reached XP level 4. HP: 14/25 MP: 1/8
  1790 | D:2      | Noticed Natasha
  1794 | D:2      | Killed Natasha
  2003 | D:2      | Noticed Sigmund
  2009 | D:2      | Killed Sigmund
  2010 | D:2      | Reached skill level 5 in Air Magic
  2010 | D:2      | Reached XP level 5. HP: 20/29 MP: 3/10
  2010 | D:2      | Reached XP level 6. HP: 23/34 MP: 3/11
  2316 | D:2      | Noticed Natasha
  2324 | D:2      | Killed Natasha
  3289 | D:3      | Found a blossoming altar of Fedhas.
  3468 | D:4      | Learned a level 4 spell: Airstrike
  3664 | D:4      | HP: 1/35 [phantom (6)]
  3668 | D:4      | Slain by a phantom

Illustrated notes

Levels and vault maps discovered:
D:1:      ncdulo_watergridlock, layout_basic, serial_shops,
          nicolae_diamond_shop, dreamdust_ecumenical_altar_drowned_temple
D:2:      layout_loops_ring, serial_shops, nicolae_shop_rolling_square,
          nicolae_book_shop_shelving, nicolae_shop_crystal, serial_forest,
          infiniplex_forest_straight_2, infiniplex_forest_clump_diagonal,
          infiniplex_forest_straight_2, infiniplex_forest_side_room,
          infiniplex_forest_straight_3, infiniplex_forest_clump_small,
          infiniplex_forest_end_1, wad_floor_pattern_untrapped,
          mrwooster_statue_mirror, uniq_natasha, uniq_sigmund
D:3:      layout_loops_ring, fedhas_altar_4, minmay_misc_feat_tower
D:4:      layout_loops_ring, nicolae_elyvilon_temple_path

Skill      XL: |  1  2  3  4  5  6 |
---------------+-------------------+-----
Conjurations   | 2 3 4 |  4.2
Fighting       | 1 2 |  2.0
Dodging        | 3 |  3.1
Spellcasting   | 3 |  3.4
Air Magic      | 5 |  5.8
Stealth        | 3 |  3.0

Action                     |  1- 3 |  4- 6 || total
---------------------------+-------+-------++-------
  Melee: Kick              |     1 |    34 ||    35
         Unarmed           |     1 |       ||     1
         Dagger            |     2 |    64 ||    66
         Peck              |     1 |    22 ||    23
   Cast: Shock             |    64 |    52 ||   116
         Static Discharge  |     1 |    10 ||    11
    Use: Scroll            |     3 |     3 ||     6
         Potion            |       |     2 ||     2
   Stab: Sleeping          |       |     1 ||     1
 Armour: Robe              |     6 |    15 ||    21
  Dodge: Dodged            |    12 |    11 ||    23

Table legend: (Time is in decaauts)
 A = Elapsed time spent in this place.
 B = Non-inter-level travel time spent in this place.
 C = Inter-level travel time spent in this place.
 D = Time resting spent in this place.
 E = Time spent auto-exploring this place.
 F = Levels seen in this place.
 G = Mean time per level.
                   A        B        C        D        E       F      G
               +--------+--------+--------+--------+--------+-----+--------+
         Total |   3671 |   3576 |     95 |      0 |   3173 |   4 |  917.8 |
       Dungeon |   3671 |   3576 |     95 |      0 |   3173 |   4 |  917.8 |
               +--------+--------+--------+--------+--------+-----+--------+

Top non-repeatable levels by time:
     D:2: 1329 daAuts
     D:1: 1317 daAuts
     D:3: 818 daAuts
     D:4: 205 daAuts
